 Dungeon Crawl Stone Soup version 0.30-a0-1161-g0704695555 (webtiles) character file.

Game seed: 7007250859508688837

64612 kae the Geomancer (level 15, -2/143 HPs)
             Began as a Merfolk Transmuter on Apr 27, 2023.
             Was a Priest of Ru.
             Slain by a minotaur simulacrum (35 damage)
             ... on level 14 of the Dungeon.
             The game lasted 00:29:23 (23619 turns).

kae the Geomancer (Merfolk Transmuter)             Turns: 23619, Time: 00:29:24

Health: -2/143     AC: 30    Str: 13    XL:     15   Next: 13%
Magic:  24/24      EV: 18    Int: 18    God:    Ru [***...]
Gold:   1364       SH:  0    Dex: 19    Spells: 12/30 levels left

rFire   . .          .
                       - Unarmed
rCold   . . .        (no shield)
rNeg    + + .        a - melded +0 robe
rPois   ∞            q - +0 mask of the Dragon {Will+ Slay+3 SInv}
rElec   +            H - +2 cloak
rCorr   +            c - melded +0 pair of gloves of Tempters {Int+3 Dex+3 Slay+2}
SInv    +            T - melded +0 pair of boots {rampage}
Will    +++..        u - amulet of magic regeneration
Stlth   ++           i - ring of willpower
HPRegen 0.43/turn    e - ring "Nueworan" {Fly rN+ rCorr Int+2 Dex+3}
MPRegen 0.59/turn

%: no passive effects
@: statue-form, wereblooded, flying, very slow
A: slow and powerful, torment resistance 1, boosted hp, low MP 1, no potion heal
1, hated by all, (nimble swimmer 2), mertail
a: End Transformation, Renounce Religion, Draw Out Power


You were on level 14 of the Dungeon.
You worshipped Ru.
Ru was most pleased with you.
You were a living statue of rough stone.
You visited 3 branches of the dungeon, and saw 20 of its levels.
You also visited: Sewer and Bailey.

You collected 1539 gold pieces.
You spent 175 gold pieces at shops.


Innate Abilities, Weirdness & Mutations

You are a living statue of rough stone.
Your actions are slow, but your melee attacks are powerful.
You are resistant to unholy torment.
Your maximum health is greatly increased.
You are immune to poison.
Your equipment is partially melded.
Your magical capacity is low. (-10% MP)
Potions are less effective at restoring your health.
You are hated by all.
((You are very nimble when in or above water. (Stealth+, EV+, Speed+++)))
Your lower body shifts to a powerful aquatic tail in water.


   Skills:
 - Level 8.0 Fighting
 - Level 9.1 Dodging
 - Level 13.0 Unarmed Combat
 - Level 8.4 Spellcasting
 + Level 13.3 Transmutations
 - Level 6.1 Ice Magic
 * Level 13.8 Earth Magic
 - Level 2.3 Poison Magic


You had 12 spell levels left.
You knew the following spells:

 Your Spells              Type           Power      Damage    Failure   Level
a - Statue Form           Tmut/Erth      36%        N/A       5%          6
b - Wereblood             Tmut           54%        N/A       1%          2
c - Spider Form           Tmut/Pois      35%        N/A       1%          3
d - Ice Form              Ice/Tmut       42%        N/A       1%          4
e - Beastly Appendage     Tmut           100%       N/A       1%          1
f - Passwall              Tmut/Erth      45%        N/A       1%          2

Your spell library contained the following spells:

 Spells                   Type           Power      Damage    Failure   Level
 Petrify                  Tmut/Erth      54%        N/A       1%          4
 Lee's Rapid Deconstruct  Erth           27%        3d15*     1%          5
 Ensorcelled Hibernation  Hex/Ice        36%        N/A       4%          2
 Magic Dart               Conj           28%        1d4       10%         1
 Yara's Violent Unravell  Hex/Tmut       15%        3d8       17%         5
 Mephitic Cloud           Conj/Pois/Air  10%        N/A       21%         3
 Inner Flame              Hex/Fire       7%         N/A       28%         3
 Swiftness                Air            7%         N/A       28%         3
 Volatile Blastmotes      Fire/Tloc      14%        2d11      28%         3
 Metabolic Englaciation   Hex/Ice        9%         N/A       58%         5
 Fulminant Prism          Conj/Hex       3%         3d5       67%         4
 Iskenderun's Mystic Bla  Conj/Tloc      7%         2d4       67%         4
 Passage of Golubria      Tloc           7%         N/A       67%         4
 Conjure Ball Lightning   Conj/Air       3%         3x3d6     100%        6
 Enfeeble                 Hex            3%         N/A       100%        7
 Discord                  Hex            3%         N/A       100%        8
 Disjunction              Tloc           3%         N/A       100%        8
 Call Imp                 Summ           Unusable   N/A       N/A         2
 Tukima's Dance           Hex            Unusable   N/A       N/A         3
 Malign Gateway           Summ/Tloc      Unusable   N/A       N/A         7

Inventory:

Hand Weapons
 h - a +3 short sword of flaming
   (You took it off a kobold on level 2 of the Dungeon)
Armour
 a - a +0 robe (melded)
 c - the +0 pair of gloves of Tempters (melded) {Int+3 Dex+3 Slay+2}
   (You acquired it on level 10 of the Dungeon)

   Int:       It affects your intelligence (+3).
   Dex:       It affects your dexterity (+3).
   Slay:      It affects your accuracy & damage with ranged weapons and melee
   (+2).
 n - the +0 ring mail "Itzuixar" {Int+2}
   (You found it on level 2 of the Dungeon)

   Int:       It affects your intelligence (+2).
 q - the +0 mask of the Dragon (worn) {Will+ Slay+3 SInv}
   (You acquired it on level 3 of the Dungeon)

   Slay:      It affects your accuracy & damage with ranged weapons and melee
   (+3).
   SInv:      It lets you see invisible.
   Will:      It increases your willpower.
 H - a +2 cloak (worn)
   (You found it on level 8 of the Dungeon)
 T - a +0 pair of boots of rampaging (melded)
   (You found it on level 10 of the Dungeon)
Magical Staves
 v - the staff of poison "Bips" {Contam rElec rPois Dex+5, !a}
   (You found it on level 5 of the Dungeon)

   [staff of poison]

   Base accuracy: +5 Base damage: 5 Base attack delay: 1.2 This weapon's minimum
   attack delay (0.6) is reached at skill level 12.
   Dex:       It affects your dexterity (+5).
   rElec:     It insulates you from electricity.
   rPois:     It protects you from poison.
   Contam:    It causes magical contamination when unequipped.
   It falls into the 'Staves' category.
   It is a one-handed weapon.
 y - a staff of conjuration {!a}
   (You found it on level 5 of the Dungeon)
 R - the staff of air "Gyforaq" {rElec Int+2, !a}
   (You found it on level 10 of the Dungeon)

   [staff of air]

   Base accuracy: +5 Base damage: 5 Base attack delay: 1.2 This weapon's minimum
   attack delay (0.6) is reached at skill level 12.
   Int:       It affects your intelligence (+2).
   rElec:     It insulates you from electricity.
   It falls into the 'Staves' category.
   It is a one-handed weapon.
Jewellery
 e - the ring "Nueworan" (right fist) {Fly rN+ rCorr Int+2 Dex+3}
   (You took it off an orc wizard on level 10 of the Dungeon)

   [ring of positive energy]

   Int:       It affects your intelligence (+2).
   Dex:       It affects your dexterity (+3).
   rN:        It protects you from negative energy.
   Fly:       It grants you flight.
   rCorr:     It protects you from acid and corrosion.
 i - a ring of willpower (left fist)
   (You found it on level 1 of the Dungeon)
 s - a +6 ring of strength
   (You found it on level 2 of the Lair of Beasts)
 u - an amulet of magic regeneration (around neck)
   (You found it on level 2 of the Lair of Beasts)
 E - a +5 ring of evasion
   (You found it on level 10 of the Dungeon)
 F - a ring of fire
   (You found it on level 5 of the Dungeon)
 L - a ring of flight
   (You found it on level 8 of the Dungeon)
 N - a ring of positive energy
   (You found it on level 3 of the Dungeon)
 O - a +4 ring of protection
   (You found it on level 10 of the Dungeon)
 S - a +6 ring of strength
   (You took it off a wizard on level 10 of the Dungeon)
Wands
 I - a wand of roots (11)
   (You found it on level 6 of the Dungeon)
 J - a wand of light (4)
   (You found it on level 7 of the Dungeon)
 K - a wand of mindburst (7)
   (You found it on level 7 of the Dungeon)
 P - a wand of flame (49)
   (You found it on level 9 of the Dungeon)
 W - a wand of digging (14)
   (You found it on level 6 of the Dungeon)
 X - a wand of polymorph (4)
   (You found it on level 13 of the Dungeon)
Scrolls
 l - 5 scrolls of fog
 m - 6 scrolls of enchant weapon
 p - 2 scrolls of amnesia
 r - 2 scrolls of blinking {!r}
 t - 5 scrolls of teleportation {@r4}
 x - 2 scrolls of torment {!r}
 B - 4 scrolls of vulnerability {!r!r}
 M - 3 scrolls of poison {!r}
 Q - a scroll of magic mapping {!r}
 U - 3 scrolls of silence {!r}
 V - 6 scrolls of enchant armour
Potions
 b - 6 potions of lignification {!q}
 d - 14 potions of curing {@q1}
 f - 5 potions of brilliance
 g - 5 potions of mutation {!q}
 j - 5 potions of ambrosia
 k - 4 potions of flight
 o - 3 potions of magic
 w - 5 potions of heal wounds {@q2}
 z - 6 potions of cancellation
 A - 3 potions of resistance
 C - 2 potions of might
 D - 5 potions of attraction {!q}
 G - 2 potions of berserk rage {!q}
 Z - 3 potions of haste {@q3}

Dungeon Overview and Level Annotations

Branches:
Dungeon (14/15) Zot: 26926  Temple (1/1) D:7 Zot: 5983    Lair (5/5) D:10 Zot: 23217
 Shoals (0/4) Lair:3       Spider (0/4) Lair:3        Slime (0/5) Lair:5
    Orc (0/2) D:9           Sewer (visited)          Bailey (visited)
 Vaults: D:13-14

Altars:
Ashenzari
Cheibriados
Dithmenos
Elyvilon
Kikubaaqudgha
Nemelex Xobeh
Okawaru
Qazlal
Ru
Sif Muna
Wu Jian
Zin
The Shining One

Shops:
D:3 [   D:5 *?

Portals:
Trove: D:12 (give 5 scrolls of fear)
Ice
Cave: D:14

Annotations:
D:5 4 runed translucent doors
D:10 1 runed translucent door
D:14 2 transporters, Luiqel's ghost, journeyman MiFi

*****,+####* #.# *,**,* **,,,
**,,,** #.# *,,,,* **,,,*
******,,,,,** #.###**,.* **,,,**
,,,**,,,,,,,**##.#?###.<#**,,,**,
**,*,,,,,,,,,##.#.......#*,,,**,,
,,,+,,,,,,,,,+...........+,,***,,
**,*,,,,,,,,,###>...#####*,,,**,,
**,**,,,,,,,** #.#.## **,,,**,
,,,***,,,,,** #8### **,,,** ****
**,,,** #Z#**** **,,,* **+**
*#Z.,,,* **,,, *,* *.Z..,,* **,,
****** *,* *.....,* **,
,,,,,***,*****#..∩...* **
,,,,,,,,,,,,,,.......# *
,***,*,,,,,***#......# * ,*
*,**,,,** ******** *


You could see a dire elephant simulacrum and 2 minotaur simulacra.


Message History

You turn into a living statue of rough stone.
The +0 pair of gloves of Tempters {Int+3 Dex+3 Slay+2} melds into your body.
Your +0 pair of boots of rampaging melds into your body.
Your +0 robe melds into your body.
You no longer feel able to rampage towards enemies.
You hear the faint crackling of a melting archway very nearby. 😎 HP[+33] MP[-4]
You now have 143 max hp (+33).
Your hp is fully restored (143).
You lost 4 mp, and now have 20/24 mp.
Casting: Statue Form (dangerous; 5% risk of failure)
Confirm with . or Enter, or press ? or * to list all spells.
Your blood is infused with primal strength.
You punch the dire elephant simulacrum!
The dire elephant simulacrum closely misses you.
The dire elephant simulacrum trunk-slaps you but does no damage.
You pummel the dire elephant simulacrum!!
The dire elephant simulacrum is stunned by your conviction and fails to attack. 😎 MP[+1]
You pummel the dire elephant simulacrum!!
The lindwurm simulacrum bites you but does no damage.
The lindwurm simulacrum misses you.
The lindwurm simulacrum closely misses you.
You pummel the lindwurm simulacrum!!
A dire elephant simulacrum comes into view. 😎 MP[+1]
Found a frozen archway.
A spriggan defender simulacrum comes into view.
There is a stone staircase leading down here.
An anaconda simulacrum, a minotaur simulacrum and a deep troll simulacrum come into view. 😎 MP[+2]
Your mp is fully restored (24).
A minotaur simulacrum comes into view.
The spriggan defender simulacrum closely misses you.
The spriggan defender simulacrum hits you but does no damage.
You closely miss the spriggan defender simulacrum.
The spriggan defender simulacrum hits you!
The spriggan defender simulacrum freezes you!!
The spriggan defender simulacrum hits you.
The spriggan defender simulacrum freezes you!!
You are too injured to fight recklessly! 😮 HP[-60]
You take 60 damage, and now have 83/143 hp.
MASSIVE DAMAGE!! (PAUSE)
You squash the spriggan defender simulacrum like an ant!!!
You howl as the wereblood boils in your veins!
The spriggan defender simulacrum misses you.
Unknown command.
You hit the spriggan defender simulacrum.
You feel a bit better. The anaconda simulacrum grabs you.
The anaconda simulacrum bites you. The anaconda simulacrum freezes you!!
* * * LOW HITPOINT WARNING * * *
The anaconda simulacrum constricts you. 😨 HP[-18]
You take 18 damage, and now have 65/143 hp.
You barely miss the anaconda simulacrum.
You punch the anaconda simulacrum.
You howl as the wereblood boils in your veins!
The anaconda simulacrum bites you.
* * * LOW HITPOINT WARNING * * *
The anaconda simulacrum freezes you!!
* * * LOW HITPOINT WARNING * * *
The anaconda simulacrum constricts you. 😱 HP[-30]
You take 30 damage, and now have 35/143 hp.
MASSIVE DAMAGE!! (PAUSE)
You barely miss the anaconda simulacrum.
You punch the anaconda simulacrum.
You redirect the anaconda simulacrum's attack!
The anaconda simulacrum bites the dire elephant simulacrum.
The anaconda simulacrum freezes the dire elephant simulacrum.
The dire elephant simulacrum completely resists.
The anaconda simulacrum constricts you. x2
* * * LOW HITPOINT WARNING * * *
Unknown command.
Unknown command.
You strike the helpless anaconda simulacrum from behind!
You squash the anaconda simulacrum like an ant!!!
You feel a bit better. 😨 HP[+3]
You regained 3 hp, and now have 38/143 hp.
You hit the deep troll simulacrum.
The deep troll simulacrum is stunned by your conviction and fails to attack. 😨 HP[+1] Unknown command.
You punch the deep troll simulacrum! You punch the deep troll simulacrum.
The deep troll simulacrum completely misses you.
The deep troll simulacrum claws you but does no damage.
The deep troll simulacrum misses you.
Unknown command.
You squash the deep troll simulacrum like an ant!!!
You feel a bit better. 😨 HP[+2]
You regained 2 hp, and now have 41/143 hp.
Unknown command.
You pummel the minotaur simulacrum like a punching bag!!!
The minotaur simulacrum hits you!
* * * LOW HITPOINT WARNING * * *
The minotaur simulacrum freezes you!!
You die...

Skill      XL: |  1  2  3  4  5  6  7  8  9 10 11 12 13 14 |
---------------+-------------------------------------------+-----
Transmutations | 3 4 5 6 7 8 10 11 12 13 | 13.3
Poison Magic   | 1 2 |  2.3
Unarmed Combat | 4 5 6 7 8 10 11 13 | 13.0
Spellcasting   | 3 4 5 6 7 8 |  8.4
Ice Magic      | 2 5 6 |  6.1
Dodging        | 4 6 8 9 |  9.1
Fighting       | 3 5 6 8 |  8.0
Earth Magic    | 5 10 13 | 13.8

Action                     |  1- 3 |  4- 6 |  7- 9 | 10-12 | 13-15 || total
---------------------------+-------+-------+-------+-------+-------++-------
  Melee: Unarmed           |   112 |    68 |   283 |   537 |   588 ||  1588
         Headbutt          |    13 |     4 |       |       |       ||    17
         Punch             |     4 |       |       |     1 |    52 ||    57
         Short sword       |    12 |    39 |     3 |    21 |     8 ||    83
   Cast: Beastly Appendage |    24 |     8 |       |       |     2 ||    34
         Spider Form       |     1 |     8 |     8 |       |       ||    17
         Ice Form          |       |       |    31 |    54 |     8 ||    93
         Wereblood         |       |       |    14 |    32 |    40 ||    86
         Statue Form       |       |       |       |       |    53 ||    53
 Invoke: Sacrifice Love    |       |       |       |     1 |       ||     1
         Sacrifice Essence |       |       |       |     1 |       ||     1
         Sacrifice Purity  |       |       |       |     1 |       ||     1
         Reject Sacrifices |       |       |       |       |     2 ||     2
Ability: End Transformatio |       |       |       |     1 |       ||     1
  Evoke: Wand              |       |       |       |    10 |     1 ||    11
    Use: Scroll            |     4 |     8 |     8 |    11 |     3 ||    34
         Potion            |     1 |     1 |     1 |     2 |       ||     5
   Stab: Sleeping          |       |     2 |     2 |       |     1 ||     5
         Distracted        |       |       |       |     2 |     3 ||     5
         Invisible         |       |       |       |     3 |     2 ||     5
         Petrified         |       |       |       |       |     6 ||     6
 Armour: Robe              |    21 |     3 |     4 |     3 |     2 ||    33
         Skin              |     1 |     2 |    96 |   116 |   348 ||   563
  Dodge: Dodged            |    77 |    75 |   197 |   344 |   596 ||  1289

Levels and vault maps discovered:
D:1:      lemuel_arrival_muddy, layout_basic, minmay_tetromino_i4
D:2:      layout_basic, chequers_arboretum
D:3:      layout_loops_corners, mainiacjoe_overflow_boulevard,
          mainiacjoe_overflow_alcove_4, mainiacjoe_overflow_surrounded_room,
          serial_shops, nicolae_shop_back_alley_shop
D:4:      minmay_razor_zed, layout_loops_ring, dk_noncrumbling_4,
          kennysheep_generic_room_14, uniq_edmund
D:5:      layout_cave_pools, tgw_sif, serial_gnoll_camp,
          gnoll_camp_mini_doghouse, gnoll_camp_mini_doghouse,
          gnoll_camp_mini_shop, gnoll_camp_mini_shop, gnoll_camp_mini_sergeant,
          minmay_hollow_rounded_squares
D:6:      layout_basic, gammafunk_ghost_hive, gup_sewer_entry_bowl,
          minmay_door_square, corexii_shack, uniq_eustachio
D:7:      layout_layer_cave, kennysheep_mini_moat,
          minmay_temple_entry_purple_smoke
D:8:      layout_cave_pools, amethyst_overflow_temple_binary,
          uniq_prince_ribbit1
D:9:      layout_roguey, hiddenorc2_lemuel
D:10:     minmay_the_grid_four_pointed_star
          [minmay_the_grid_triangle_9x9_subtriangle,
          minmay_the_grid_triangle_9x9_zippers_vertical,
          minmay_the_grid_triangle_9x9_odd_lines,
          minmay_the_grid_triangle_9x9_empty,
          minmay_the_grid_prize_shrinking_boxes], layout_cave_pods,
          lair_entry_dummy, enter_bailey_5, minmay_pinched_square
D:11:     layout_roguey, uniq_gastronok, uniq_josephine, uniq_erolcha
D:12:     layout_loops_ring, enter_trove_5, minmay_misc_feat_columns,
          corner_web_ring, nicolae_kikubaaqudgha_miasma_corner
D:13:     layout_cave_pools
D:14:     layout_loops_corners, erik_vaults_1, minmay_misc_feat_roman,
          gammafunk_ghost_stat_death, serial_shops, shop,
          portal_ice_cave_entry_ice_simulacra, kennysheep_diamond, minivault_20
Temple:   nicolae_temple_bog_church
Lair:1:   layout_gridlike
Lair:2:   layout_loops_ring, serial_bayou_shore_a
Lair:3:   layout_roguey, elwin_shoals_entry_rooms,
          hellmonk_spider_entry_life_and_decay, dreamdust_mushroom_princess,
          uniq_nessos
Lair:4:   layout_misc_corridors, serial_bayou_lake_a
Lair:5:   hangedman_lair_in_review, layout_cave_pods, wormcave,
          nicolae_slime_entry_slimehenge

Notes
Turn   | Place    | Note
-------+----------+-------------------------------------------
     0 | D:1      | kae the Merfolk Transmuter began the quest for the Orb.
     0 | D:1      | Reached XP level 1. HP: 15/15 MP: 3/3
     0 | D:1      | magus.rc [v1.11.3]
    89 | D:1      | Reached skill level 3 in Transmutations
    89 | D:1      | Reached XP level 2. HP: 7/21 MP: 3/5
   168 | D:1      | magus.rc [v1.11.3]
   204 | D:1      | You fall into a shaft and drop 1 floor!
   220 | D:2      | Reached skill level 1 in Poison Magic
   660 | D:1      | Reached XP level 3. HP: 21/26 MP: 4/6
   663 | D:1      | Learned a level 2 spell: Wereblood
   667 | D:1      | Learned a level 3 spell: Spider Form
   790 | D:1      | You pick up a book of Chaos and begin reading...
   790 | D:1      | You add the spells Conjure Ball Lightning, Disjunction and
                  | Discord to your library.
  1672 | D:2      | Identified the +0 ring mail "Itzuixar" {Int+2}
  1703 | D:2      | Reached XP level 4. HP: 23/32 MP: 7/7
  2312 | D:3      | Found Farasidgh's Armour Shoppe.
  2376 | D:3      | Found a white marble altar of Elyvilon.
  2510 | D:3      | Found a blossoming altar of Fedhas.
  2862 | D:3      | Found a broken altar of Ashenzari.
  2995 | D:3      | Identified a scroll of acquirement
  2995 | D:3      | Acquired the +0 mask of the Dragon {Will+ Slay+3 SInv}
  2995 | D:3      | Found the +0 mask of the Dragon {Will+ Slay+3 SInv}
  3095 | D:4      | Reached skill level 4 in Unarmed Combat
  3095 | D:4      | Reached skill level 2 in Poison Magic
  3285 | D:4      | Reached skill level 4 in Transmutations
  3336 | D:4      | Noticed a scorpion
  3342 | D:4      | Killed a scorpion
  3343 | D:4      | Reached skill level 3 in Spellcasting
  3343 | D:4      | Reached XP level 5. HP: 29/37 MP: 5/9
  3555 | D:4      | Reached XP level 6. HP: 43/43 MP: 6/10
  3569 | D:4      | Noticed Edmund
  3594 | D:4      | HP: 7/43 [Edmund/+5 flail of protection (11)]
  3605 | D:4      | HP: 9/43 [Edmund/+5 flail of protection (3)]
  3606 | D:4      | Killed Edmund
  3607 | D:4      | Reached skill level 5 in Unarmed Combat
  3607 | D:4      | Reached skill level 5 in Transmutations
  3721 | D:4      | Reached XP level 7. HP: 44/48 MP: 9/12
  3771 | D:4      | Reached skill level 4 in Spellcasting
  4129 | D:4      | Learned a level 4 spell: Ice Form
  4301 | D:4      | Reached skill level 6 in Transmutations
  4456 | D:5      | Entered Level 5 of the Dungeon
  4682 | D:5      | Reached skill level 1 in Ice Magic
  4789 | D:5      | HP: 8/57 [gnoll bouda/+0 club (8)]
  4789 | D:5      | HP: 1/57 [gnoll/+0 flail[a gnoll bouda] (7)]
  4934 | D:5      | Reached skill level 2 in Ice Magic
  5020 | D:5      | Reached skill level 6 in Unarmed Combat
  5022 | D:5      | Reached XP level 8. HP: 50/54 MP: 12/14
  5241 | D:5      | Reached skill level 3 in Ice Magic
  5432 | D:5      | Found a shimmering blue altar of Sif Muna.
  5528 | D:5      | Reached skill level 7 in Transmutations
  5549 | D:5      | Reached skill level 5 in Spellcasting
  5549 | D:5      | Reached skill level 4 in Ice Magic
  5685 | D:5      | Found Cuirih's Assorted Antiques.
  5701 | D:5      | Bought a scroll labelled IMIPLI NOMIGI for 29 gold pieces
  5701 | D:5      | Bought a scroll of identify for 58 gold pieces
  5702 | D:5      | Bought a scroll of identify for 58 gold pieces
  5754 | D:5      | Found Vuc Vur's Magic Scroll Emporium.
  5778 | D:5      | Bought a scroll of teleportation for 30 gold pieces
  5873 | D:5      | Identified the staff of poison "Bips" {Contam rElec rPois
                  | Dex+5}
  5934 | D:5      | Found a large runed translucent door.
  5934 | D:5      | Found a large runed translucent door.
  5940 | D:5      | Noticed a hornet
  5940 | D:5      | Noticed a wyvern
  5948 | D:5      | Found a large runed translucent door.
  5948 | D:5      | Found a large runed translucent door.
  6023 | D:5      | Reached skill level 5 in Ice Magic
  6028 | D:5      | Noticed a komodo dragon
  6035 | D:5      | Killed a komodo dragon
  6036 | D:5      | Reached skill level 7 in Unarmed Combat
  6036 | D:5      | Reached XP level 9. HP: 37/59 MP: 12/17
  6135 | D:5      | Identified the +6 battleaxe "Demon's Curse" {holy, *Rage
                  | rN+++ Int-2 Stlth+}
  6177 | D:5      | Reached skill level 8 in Transmutations
  6269 | D:5      | Reached skill level 6 in Ice Magic
  6590 | D:6      | Found a glowing drain.
  6594 | Sewer    | Entered a sewer
  6673 | Sewer    | Reached skill level 3 in Dodging
  6871 | D:6      | Reached skill level 2 in Fighting
  7088 | D:6      | Noticed Eustachio
  7107 | D:6      | Killed Eustachio
  7108 | D:6      | Reached skill level 6 in Spellcasting
  7210 | D:6      | Found a transporter.
  7212 | D:6      | Found a transporter.
  7212 | D:6      | Noticed Vorhees's ghost (novice DjIE)
  7450 | D:7      | Reached skill level 8 in Unarmed Combat
  7453 | D:7      | Reached skill level 4 in Dodging
  7975 | D:7      | Found a staircase to the Ecumenical Temple.
  7984 | Temple   | Entered the Ecumenical Temple
  7992 | Temple   | Became a worshipper of Ru the Awakened
  8190 | D:7      | Reached skill level 3 in Fighting
  8190 | D:7      | Reached XP level 10. HP: 66/70 MP: 12/19
  8299 | D:7      | Reached skill level 9 in Transmutations
  8396 | D:7      | HP: 19/81 [wight/+3 spear (7)]
  8401 | D:7      | HP: 11/82 [wight/+3 spear (5)]
  8684 | D:7      | Found a shadowy altar of Dithmenos.
  9232 | D:8      | Reached skill level 5 in Dodging
  9247 | D:7      | HP: 20/84 [yak (13)]
  9251 | D:7      | Reached skill level 9 in Unarmed Combat
  9252 | D:7      | HP: 16/85 [yak (9)]
  9253 | D:7      | HP: 6/85 [yak (10)]
  9626 | D:8      | Reached skill level 4 in Fighting
  9681 | D:8      | Gained mutation: You are hated by all. [Ru sacrifice]
  9681 | D:8      | Reached * piety under Ru
  9681 | D:8      | Reached ** piety under Ru
  9816 | D:8      | Noticed Prince Ribbit
  9835 | D:8      | Killed Prince Ribbit
 10117 | D:8      | Reached skill level 6 in Dodging
 10307 | D:8      | Found a snail-covered altar of Cheibriados.
 10307 | D:8      | Found an iron altar of Okawaru.
 11004 | D:9      | Reached skill level 10 in Unarmed Combat
 11004 | D:9      | Reached skill level 10 in Transmutations
 11008 | D:9      | Reached skill level 7 in Spellcasting
 11194 | D:9      | Found a staircase to the Orcish Mines.
 11258 | D:9      | Reached skill level 5 in Fighting
 11456 | D:9      | Reached XP level 11. HP: 79/79 MP: 15/21
 11813 | D:10     | Entered Level 10 of the Dungeon
 11813 | D:10     | Found a staircase to the Lair.
 11880 | D:10     | Noticed an orc knight
 11880 | D:10     | Noticed a cyclops
 11880 | D:10     | Noticed a wizard
 11933 | D:10     | Noticed a two-headed ogre
 11945 | D:10     | Killed a two-headed ogre
 11946 | D:10     | Reached skill level 7 in Dodging
 12026 | D:10     | Noticed a manticore
 12026 | D:10     | Noticed a cyclops
 12043 | D:10     | Killed a manticore
 12049 | D:10     | Killed a cyclops
 12058 | D:10     | Reached skill level 11 in Unarmed Combat
 12060 | D:10     | Gained mutation: Your magical capacity is low. (-10% MP)
                  | [Ru sacrifice]
 12063 | D:10     | Reached skill level 6 in Fighting
 12071 | D:10     | Identified the ring "Nueworan" {Fly rN+ rCorr Int+2 Dex+3}
 12095 | D:10     | Noticed a cyclops
 12110 | D:10     | Killed a cyclops
 12159 | D:10     | Found a flagged portal.
 12206 | Bailey   | Entered a bailey
 12373 | Bailey   | Reached skill level 11 in Transmutations
 12385 | Bailey   | Reached skill level 8 in Dodging
 12551 | Bailey   | Noticed an orc knight
 12562 | Bailey   | Killed an orc knight
 12565 | Bailey   | HP: 22/99 [orc/+0 halberd (16)]
 12789 | Bailey   | Noticed an orc knight
 12817 | Bailey   | Killed an orc knight
 12996 | D:10     | Acquired the +0 pair of gloves of Tempters {Int+3 Dex+3
                  | Slay+2}
 13054 | D:10     | Noticed a deep elf pyromancer
 13066 | D:10     | Killed a deep elf pyromancer
 13067 | D:10     | Reached XP level 12. HP: 89/89 MP: 17/21
 13137 | D:10     | Reached skill level 8 in Spellcasting
 13141 | D:10     | HP: 24/106 [orc knight/+0 great sword (30)]
 13142 | D:10     | HP: 11/106 [orc knight/+0 great sword (13)]
 13425 | D:10     | Found a runed translucent door.
 13450 | D:10     | Noticed a two-headed ogre
 13457 | D:10     | Killed a two-headed ogre
 13458 | D:10     | Reached skill level 12 in Unarmed Combat
 13465 | D:10     | Reached skill level 7 in Fighting
 14063 | D:10     | Identified the staff of air "Gyforaq" {rElec Int+2}
 14064 | D:10     | You add the spells Passwall and Yara's Violent Unravelling
                  | to your library.
 14064 | D:10     | Got the Incunable of Orientation and Transmogrification
 14064 | D:10     | You pick up a book of Misfortune and begin reading...
 14064 | D:10     | You add the spells Inner Flame and Enfeeble to your
                  | library.
 14457 | D:10     | Noticed a boulder beetle
 14469 | D:10     | Killed a boulder beetle
 14470 | D:10     | Reached skill level 9 in Dodging
 14537 | Lair:1   | Entered Level 1 of the Lair of Beasts
 14667 | D:6      | Killed Vorhees's ghost
 14727 | D:6      | You pick up a book of Sloth and begin reading...
 14727 | D:6      | You add the spells Petrify, Metabolic Englaciation and
                  | Statue Form to your library.
 14760 | D:6      | Learned a level 6 spell: Statue Form
 15054 | Lair:1   | Reached skill level 12 in Transmutations
 15128 | Lair:1   | Reached skill level 1 in Earth Magic
 15215 | Lair:1   | Reached skill level 8 in Fighting
 15651 | Lair:1   | Reached skill level 13 in Unarmed Combat
 15651 | Lair:1   | Reached skill level 2 in Earth Magic
 16101 | Lair:2   | Noticed a skyshark
 16107 | Lair:2   | Killed a skyshark
 16108 | Lair:2   | Reached skill level 3 in Earth Magic
 16388 | Lair:2   | Reached skill level 4 in Earth Magic
 16810 | Lair:2   | Noticed a boulder beetle
 16810 | Lair:2   | Gained mutation: Potions are less effective at restoring
                  | your health. [Ru sacrifice]
 16810 | Lair:2   | Reached *** piety under Ru
 16823 | Lair:2   | Reached skill level 5 in Earth Magic
 16823 | Lair:2   | Reached XP level 13. HP: 98/98 MP: 22/22
 16852 | Lair:2   | Reached skill level 6 in Earth Magic
 17382 | Lair:2   | Reached skill level 7 in Earth Magic
 18031 | Lair:3   | You pick up a book of Minor Magic and begin reading...
 18031 | Lair:3   | You add the spells Magic Dart and Mephitic Cloud to your
                  | library.
 18056 | Lair:3   | Identified the +0 leather armour of Xedisky {rC+ Dex+4
                  | SInv}
 18236 | Lair:3   | Reached skill level 8 in Earth Magic
 18236 | Lair:3   | Noticed Nessos
 18471 | Lair:3   | Found a staircase to the Shoals.
 18666 | Lair:3   | Killed Nessos
 18698 | Lair:3   | Found a hole to the Spider Nest.
 19091 | Lair:4   | Reached skill level 9 in Earth Magic
 19667 | Lair:5   | Entered Level 5 of the Lair of Beasts
 19816 | Lair:5   | Reached skill level 10 in Earth Magic
 19942 | Lair:5   | Reached XP level 14. HP: 105/105 MP: 23/23
 20004 | Lair:5   | Reached skill level 11 in Earth Magic
 20286 | Lair:5   | Found a staircase to the Slime Pits.
 20535 | Lair:5   | Reached skill level 12 in Earth Magic
 21209 | D:11     | You pick up a book of Blasting and begin reading...
 21209 | D:11     | You add the spells Volatile Blastmotes, Fulminant Prism,
                  | Iskenderun's Mystic Blast and Lee's Rapid Deconstruction to
                  | your library.
 21260 | D:11     | Noticed Erolcha
 21267 | D:11     | Killed Erolcha
 21346 | D:11     | Identified the +1 sling "Suupliap" {drain, rCorr}
 21393 | D:11     | Noticed Gastronok
 21414 | D:11     | Killed Gastronok
 21849 | D:11     | Noticed Josephine
 21851 | D:11     | Reached skill level 13 in Earth Magic
 21854 | D:11     | Killed Josephine
 21963 | D:12     | Identified the +1 leather armour of the Cricket {rElec
                  | Str-5 Int+4 Stlth+}
 22222 | D:12     | Identified the +1 robe of Insurance {Slay+3}
 22316 | D:12     | Found a portal to a secret trove of treasure.
 22347 | D:12     | You pick up a book of Sloth and begin reading...
 22350 | D:12     | Found an ancient bone altar of Kikubaaqudgha.
 22813 | D:12     | Learned a level 2 spell: Passwall
 22900 | D:13     | Reached skill level 13 in Transmutations
 22900 | D:13     | Reached XP level 15. HP: 110/110 MP: 24/24
 22979 | D:13     | Identified the +2 war axe of Chaos {drain, rN+++ Str-2
                  | Int-3 SInv}
 23019 | D:13     | You pick up a book of Burglary and begin reading...
 23019 | D:13     | You add the spells Ensorcelled Hibernation and Swiftness to
                  | your library.
 23571 | D:14     | Found a transporter.
 23572 | D:14     | Noticed Luiqel's ghost (journeyman MiFi)
 23585 | D:14     | Found a transporter.
 23607 | D:14     | Found a frozen archway.
 23613 | D:14     | HP: 35/143 [anaconda simulacrum (27)]
 23619 | D:14     | HP: 33/143 [minotaur simulacrum (8)]
 23619 | D:14     | Slain by a minotaur simulacrum

Vanquished Creatures
  Gastronok (D:11)
  Nessos (Lair:3)
  Josephine (D:11)
  A vault guard (D:12)
  Erolcha (D:11)
  3 catoblepae (Lair:5)
  4 hydras
  4 boulder beetles
  2 two-headed ogres (D:10)
  2 centaur warriors (D:13)
  6 death yaks
  The ghost of Vorhees the Thaumaturge, a novice DjIE of Gozag (D:6)
  2 skysharks
  2 lindwurms
  A spriggan simulacrum (D:14)
  A wizard (D:10)
  2 deep elf pyromancers
  An oklob plant (Lair:4)
  4 ugly things
  4 cyclopes (D:10)
  3 orc knights
  4 manticores
  A merfolk siren (Lair:3)
  2 torpor snails (Lair:5)
  5 black mambas
  12 cane toads
  3 gargoyles
  3 unseen horrors
  An anaconda simulacrum (D:14)
  11 komodo dragons
  A tengu conjurer (D:10)
  3 rime drakes
  8 trolls
  A merfolk (Lair:3)
  2 polar bears
  Prince Ribbit (D:8)
  15 blink frogs
  3 dream sheep (Lair:5)
  5 culicivoras (Lair:3)
  A dire elephant simulacrum (D:14)
  3 slime creatures (D:12)
  6 wyverns
  A shadow (D:12)
  47 yaks
  3 basilisks
  Eustachio (D:6)
  8 wraiths
  7 vampire mosquitoes (D:12)
  Edmund (D:4)
  An acid dragon (D:12)
  10 water moccasins
  13 orc warriors
  2 black bears
  2 ice beasts
  2 ogres
  2 sky beasts
  16 wolves
  6 centaurs
  2 kobold brigands
  12 bullfrogs
  4 gnoll sergeants
  A deep troll simulacrum (D:14)
  2 scorpions
  17 wights
  A lindwurm simulacrum (D:14)
  13 killer bees
  2 jellies
  2 electric eels
  2 howler monkeys (D:6)
  10 hounds
  13 orc priests
  2 gnoll boudas
  5 iguanas
  A sleepcap (D:4)
  17 orc wizards
  A hell rat (Lair:5)
  34 gnolls
  9 adders
  3 shadow imps
  3 white imps
  An ufetubus (D:4)
  4 dart slugs
  87 orcs
  6 endoplasms
  4 giant cockroaches
  12 goblins
  9 hobgoblins
  4 jackals
  2 quokkas
  5 ball pythons
  2 bats
  2 frilled lizards (D:2)
  11 kobolds
  3 rats
568 creatures vanquished.

Vanquished Creatures (others)
  A wolf (Lair:3)
  37 fungi
  55 plants
93 creatures vanquished.

Grand Total: 661 creatures vanquished

Table legend:
 A = Non-vault XP
 B = Vault XP
 C = Vault XP percentage of total XP
 D = Non-vault monster count
 E = Vault monster count
 F = Vault count percentage of total count
                 A         B        C        D         E       F
            +---------+---------+-------+---------+---------+-------
      Total |   60219 |   32084 |  34.8 |     375 |     194 |  34.1
            +---------+---------+-------+---------+---------+-------
        D:1 |      19 |       8 |  29.6 |      12 |       3 |  20.0
        D:2 |      76 |       0 |   0.0 |      19 |       0 |   0.0
        D:3 |       7 |       0 |   0.0 |       5 |       0 |   0.0
        D:4 |     365 |     330 |  47.5 |      18 |      13 |  41.9
        D:5 |     852 |    1370 |  61.7 |      29 |      32 |  52.5
        D:6 |     711 |    1298 |  64.6 |      19 |      10 |  34.5
        D:7 |    1613 |       0 |   0.0 |      26 |       0 |   0.0
        D:8 |    2096 |     283 |  11.9 |      26 |       1 |   3.7
        D:9 |    1757 |     385 |  18.0 |      31 |      32 |  50.8
       D:10 |    2278 |    8143 |  78.1 |       8 |      26 |  76.5
       D:11 |    3542 |    4263 |  54.6 |      17 |       8 |  32.0
       D:12 |    4585 |     859 |  15.8 |      23 |       1 |   4.2
       D:13 |    5457 |       0 |   0.0 |      11 |       0 |   0.0
       D:14 |       0 |    1384 | 100.0 |       0 |       5 | 100.0
     Lair:1 |    4407 |       0 |   0.0 |      18 |       0 |   0.0
     Lair:2 |    8803 |       0 |   0.0 |      35 |       0 |   0.0
     Lair:3 |    4076 |    2914 |  41.7 |      18 |       8 |  30.8
     Lair:4 |    7424 |       0 |   0.0 |      26 |       0 |   0.0
     Lair:5 |   12151 |    8292 |  40.6 |      34 |      22 |  39.3
      Sewer |       0 |     147 | 100.0 |       0 |       2 | 100.0
     Bailey |       0 |    2408 | 100.0 |       0 |      31 | 100.0
            +---------+---------+-------+---------+---------+-------

Skill      XL: |  1  2  3  4  5  6  7  8  9 10 11 12 13 14 |
---------------+-------------------------------------------+-----
Transmutations | 3 4 5 6 7 8 10 11 12 13 | 13.3
Poison Magic   | 1 2 |  2.3
Unarmed Combat | 4 5 6 7 8 10 11 13 | 13.0
Spellcasting   | 3 4 5 6 7 8 |  8.4
Ice Magic      | 2 5 6 |  6.1
Dodging        | 4 6 8 9 |  9.1
Fighting       | 3 5 6 8 |  8.0
Earth Magic    | 5 10 13 | 13.8

Action                     |  1- 3 |  4- 6 |  7- 9 | 10-12 | 13-15 || total
---------------------------+-------+-------+-------+-------+-------++-------
  Melee: Unarmed           |   112 |    68 |   283 |   537 |   588 ||  1588
         Headbutt          |    13 |     4 |       |       |       ||    17
         Punch             |     4 |       |       |     1 |    52 ||    57
         Short sword       |    12 |    39 |     3 |    21 |     8 ||    83
   Cast: Beastly Appendage |    24 |     8 |       |       |     2 ||    34
         Spider Form       |     1 |     8 |     8 |       |       ||    17
         Ice Form          |       |       |    31 |    54 |     8 ||    93
         Wereblood         |       |       |    14 |    32 |    40 ||    86
         Statue Form       |       |       |       |       |    53 ||    53
 Invoke: Sacrifice Love    |       |       |       |     1 |       ||     1
         Sacrifice Essence |       |       |       |     1 |       ||     1
         Sacrifice Purity  |       |       |       |     1 |       ||     1
         Reject Sacrifices |       |       |       |       |     2 ||     2
Ability: End Transformatio |       |       |       |     1 |       ||     1
  Evoke: Wand              |       |       |       |    10 |     1 ||    11
    Use: Scroll            |     4 |     8 |     8 |    11 |     3 ||    34
         Potion            |     1 |     1 |     1 |     2 |       ||     5
   Stab: Sleeping          |       |     2 |     2 |       |     1 ||     5
         Distracted        |       |       |       |     2 |     3 ||     5
         Invisible         |       |       |       |     3 |     2 ||     5
         Petrified         |       |       |       |       |     6 ||     6
 Armour: Robe              |    21 |     3 |     4 |     3 |     2 ||    33
         Skin              |     1 |     2 |    96 |   116 |   348 ||   563
  Dodge: Dodged            |    77 |    75 |   197 |   344 |   596 ||  1289

Illustrated notes

Table legend:
 A = Kills in this place as a percentage of kills in the entire game.
 B = Kills by you in this place as a percentage of kills by you in the entire game.
 C = Kills by friends in this place as a percentage of kills by friends in the entire game.
 D = Other kills in this place as a percentage of other kills in the entire game.
 E = Experience gained in this place as a percentage of experience gained in the entire game.
 F = Experience gained in this place divided by the number of levels of this place that you have seen.
                   A       B       C       D       E      F
               +-------+-------+-------+-------+-------+----------------------
         Total | 100.0 | 100.0 |   N/A | 100.0 | 100.0 | 4195.6
       Dungeon |  65.9 |  66.0 |   N/A |   0.0 |  45.2 | 2977.2
          Lair |  28.3 |  28.2 |   N/A | 100.0 |  52.1 | 9613.4
         Sewer |   0.4 |   0.4 |   N/A |   0.0 |   0.2 | 147.0
        Bailey |   5.4 |   5.5 |   N/A |   0.0 |   2.6 | 2408.0
               +-------+-------+-------+-------+-------+----------------------

Table legend: (Time is in decaauts)
 A = Elapsed time spent in this place.
 B = Non-inter-level travel time spent in this place.
 C = Inter-level travel time spent in this place.
 D = Time resting spent in this place.
 E = Time spent auto-exploring this place.
 F = Levels seen in this place.
 G = Mean time per level.
                   A        B        C        D        E       F      G
               +--------+--------+--------+--------+--------+-----+--------+
         Total |  24299 |  23357 |    942 |    733 |  18350 |  22 | 1104.5 |
       Dungeon |  16568 |  15963 |    605 |    609 |  12412 |  14 | 1183.4 |
        Temple |     16 |      8 |      8 |      0 |      0 |   1 |   16.0 |
          Lair |   6782 |   6453 |    329 |    124 |   5202 |   5 | 1356.4 |
         Sewer |    179 |    179 |      0 |      0 |    137 |   1 |  179.0 |
        Bailey |    752 |    752 |      0 |      0 |    599 |   1 |  752.0 |
               +--------+--------+--------+--------+--------+-----+--------+

Top non-repeatable levels by time:
     D:7: 2018 daAuts
    D:10: 1934 daAuts
     D:4: 1670 daAuts
     D:5: 1620 daAuts
  Lair:5: 1581 daAuts
  Lair:2: 1576 daAuts
  Lair:1: 1447 daAuts
     D:9: 1295 daAuts
  Lair:3: 1160 daAuts
     D:2: 1121 daAuts
     D:8: 1076 daAuts
     D:6: 1037 daAuts
    D:12: 1025 daAuts
  Lair:4: 1016 daAuts
     D:1: 981 daAuts
